 Dungeon Crawl Stone Soup version 0.29-a0-284-gf9362112df (webtiles) character file.

Game seed: 14302934973133242925

84 domi the Magician (level 4, -2/30 HPs)
             Began as a Demonspawn Hedge Wizard on Mar 22, 2022.
             Was an Initiate of Gozag.
             Slain by a hound (4 damage)
             ... on level 4 of the Dungeon.
             The game lasted 00:06:40 (4500 turns).

domi the Magician (Demonspawn Hedge Wizard)         Turns: 4500, Time: 00:06:41

Health: -2/30      AC:  2    Str:  9 (10) XL:     4   Next: 23%
Magic:  1/9        EV: 12    Int: 17 (20) God:    Gozag
Gold:   77         SH:  0    Dex: 10 (12) Spells: 2/10 levels left

rFire   . . .      SeeInvis .   h - +0 hunting sling
rCold   . . .      Faith    .   (no shield)
rNeg    . . .      Spirit   .   b - +0 robe
rPois   .          Reflect  .   c - +0 hat
rElec   .          Harm     .   (no cloak)
rCorr   .          Rampage  .   (no gloves)
Will    .....                   (no boots)
Stlth   ++........              (no amulet)
HPRegen 0.10/turn               (no ring)
MPRegen 0.11/turn               (no ring)

@: mighty
A: big brain 1
a: Renounce Religion, Potion Petition, Call Merchant, Bribe Branch


You were on level 4 of the Dungeon.
You worshipped Gozag.
Gozag was noncommittal.
You visited 2 branches of the dungeon, and saw 5 of its levels.

You collected 125 gold pieces.
You paid 48 gold pieces to Gozag.

Inventory:

Hand Weapons
 a - a +0 dagger
 h - a +0 hunting sling (weapon)
   (You took it off a goblin on level 2 of the Dungeon)
 q - a +1 dagger of draining
   (You took it off a goblin on level 4 of the Dungeon)
Missiles
 j - 167 stones
 s - 4 atropa-tipped darts
Armour
 b - a +0 robe (worn)
 c - a +0 hat (worn)
 f - a +0 pair of boots
   (You found it on level 1 of the Dungeon)
 k - a +2 hat
   (You found it on level 2 of the Dungeon)
Jewellery
 t - a +4 ring of evasion
   (You found it on level 4 of the Dungeon)
Scrolls
 e - 3 scrolls of fog {unknown}
 i - a scroll of vulnerability {unknown}
 n - 2 scrolls of enchant armour {unknown}
 o - a scroll of brand weapon {unknown}
 p - a scroll of summoning {unknown}
 r - a scroll of identify {unknown}
 u - a scroll of teleportation {unknown}
Potions
 d - a potion of magic
 g - 2 potions of curing {@q1}
 l - a potion of might


   Skills:
 - Level 1.7 Dodging
 - Level 1.7 Stealth
 + Level 3.6 Spellcasting
 * Level 3.4 Conjurations
 - Level 1.0 Summonings
 - Level 0.8 Translocations


You had 2 spell levels left.
You knew the following spells:

 Your Spells              Type           Power      Damage    Failure   Level
b - Blink                 Tloc           12%        N/A       17%         2
c - Mephitic Cloud        Conj/Pois/Air  7%         N/A       30%         3
x - Call Imp              Summ           6%         N/A       16%         2
z - Magic Dart            Conj           56%        1d5       4%          1

Your spell library contained the following spells:

 Spells                   Type           Power      Damage    Failure   Level
 Sandblast                Erth           6%         2d5       17%         1
 Slow                     Hex            12%        N/A       17%         1
 Passwall                 Tmut/Erth      2%         N/A       26%         2
 Conjure Flame            Conj/Fire      8%         6-21      24%         3
 Stone Arrow              Conj/Erth      16%        3d8       24%         3
 Ozocubu's Armour         Ice            3%         N/A       45%         3
 Manifold Assault         Tloc           6%         N/A       97%         5
 Summon Forest            Summ/Tloc      3%         N/A       97%         5
 Summon Mana Viper        Hex/Summ       4%         N/A       98%         5
 Summon Cactus Giant      Summ           3%         N/A       100%        6
 Ozocubu's Refrigeration  Ice            1%         4d5       100%        7
 Storm Form               Tmut/Air       1%         N/A       100%        7


Dungeon Overview and Level Annotations

Branches:
Dungeon (4/15)             Temple (1/1) D:4

Altars:
Ashenzari
Cheibriados
Dithmenos
Elyvilon
Fedhas
Gozag
Hepliaklqana
Kikubaaqudgha
Nemelex Xobeh
Qazlal
Ru
Sif Muna
Trog
Uskayaw
Vehumet
Wu Jian
Yredelemnul
The Shining One

Annotations:
D:1 1 runed translucent door


Innate Abilities, Weirdness & Mutations

You have an unusually large brain. (Int +2)


Message History

MASSIVE DAMAGE!!
You now have 0/9 mp.
You feel sick. The hound misses you.
You take 1 damage, and have 12/30 hp.
Unknown command.
It was a potion of might.
You feel very mighty all of a sudden.
You feel sick. The hound bites you.
* * * LOW HITPOINT WARNING * * *
You take 4 damage, and have 8/30 hp.
It was a potion of curing.
You feel better. The hound misses you. The hound bites you.
You regained 8 hp, and now have 16/30 hp.
Fire: h) +0 hunting sling
Aim: a hound (lightly wounded, 38% to hit)
You shoot a sling bullet.
The sling bullet closely misses the hound.
The hound bites you but does no damage. The hound closely misses you.
Fire: h) +0 hunting sling
Aim: a hound (lightly wounded, 38% to hit)
You shoot a sling bullet.
The sling bullet hits the hound but does no damage.
The hound closely misses you. x2
Fire: h) +0 hunting sling
Aim: a hound (lightly wounded, 38% to hit)
You shoot a sling bullet.
The sling bullet hits the hound but does no damage.
The hound closely misses you. The hound barely misses you.
Fire: h) +0 hunting sling
Aim: a hound (lightly wounded, 38% to hit)
You shoot a sling bullet.
The sling bullet barely misses the hound.
The hound barely misses you. The hound bites you but does no damage.
The hound barely misses you.
Fire: h) +0 hunting sling
Aim: a hound (lightly wounded, 38% to hit)
You shoot a sling bullet. The sling bullet hits the hound.
The hound bites you. The hound barely misses you.
Your magical contamination has completely faded away.
You take 3 damage, and have 14/30 hp.
Fire: h) +0 hunting sling
Aim: a hound (moderately wounded, 38% to hit)
You shoot a sling bullet.
The sling bullet barely misses the hound.
The hound barely misses you. The hound bites you.
You take 2 damage, and have 12/30 hp.
Fire: h) +0 hunting sling
Aim: a hound (moderately wounded, 38% to hit)
You shoot a sling bullet.
The sling bullet barely misses the hound.
The hound closely misses you. The hound bites you.
* * * LOW HITPOINT WARNING * * *
You take 4 damage, and have 8/30 hp.
Fire: h) +0 hunting sling
Aim: a hound (moderately wounded, 38% to hit)
Okay, then.
You don't have enough magic to cast this spell.
The hound attacks as you move away! The hound misses you.
The hound closely misses you. The hound attacks as you move away!
The hound closely misses you. The hound bites you.
* * * LOW HITPOINT WARNING * * *
You take 2 damage, and have 6/30 hp.
The hound attacks as you move away! The hound bites you.
* * * LOW HITPOINT WARNING * * *
You take 4 damage, and have 2/30 hp.
The hound attacks as you move away! The hound closely misses you.
The hound misses you.
You blink.
You now have 0/9 mp.
Unknown command.
You aren't carrying any items that you can evoke.
It was a potion of degeneration.
There was something very wrong with that liquid.
You feel weakened.
You feel dopey.
You feel clumsy. The hound bites you but does no damage.
Fire: h) +0 hunting sling
Aim: a hound (moderately wounded, 35% to hit)
You shoot a sling bullet. The sling bullet hits the hound.
The hound barely misses you. The hound bites you.
* * * LOW HITPOINT WARNING * * *
You take 1 damage, and have 2/30 hp.
Fire: h) +0 hunting sling
Aim: a hound (moderately wounded, 35% to hit)
You shoot a sling bullet. The sling bullet hits the hound.
You feel stable enough to blink again. The hound bites you but does no damage.
The hound closely misses you.
Fire: h) +0 hunting sling
Aim: a hound (heavily wounded, 35% to hit)
You shoot a sling bullet. The sling bullet hits the hound.
The hound barely misses you. The hound misses you.
The hound closely misses you.
Fire: h) +0 hunting sling
Aim: a hound (almost dead, 35% to hit)
You shoot a sling bullet. The sling bullet misses the hound.
The hound misses you. The hound bites you.
You die...
Your body crumbles into a pile of gold.

#. #.### ......... $
##.##...###........
#..#........#......
...##..>..##...+#
#.......[#.....#
...###...##.....#
#....###.#......#
#....#.#......#
..##..@h......# ##
##.#...[...#
#.........#
###.....###
###.....########+##
.........#........#
....#.....#........#
....#.....#.........
... #.....#.........


You could see a hound.

Vanquished Creatures
  2 adders
  A worm (D:3)
  A dart slug (D:1)
  4 orcs (D:3)
  8 ball pythons
  6 bats
  2 endoplasms
  3 giant cockroaches
  6 goblins
  6 hobgoblins
  3 quokkas
  A frilled lizard (D:1)
  4 kobolds (D:2)
  5 rats
52 creatures vanquished.

Notes
Turn   | Place    | Note
-------+----------+-------------------------------------------
     0 | D:1      | domi the Demonspawn Hedge Wizard began the quest for the
                  | Orb.
     0 | D:1      | Reached XP level 1. HP: 13/13 MP: 4/4
     1 | D:1      | Found a runed translucent door.
   465 | D:1      | Gained mutation: You have an unusually large brain. (Int
                  | +2) [demonic ancestry]
   465 | D:1      | Reached XP level 2. HP: 19/19 MP: 0/6
   596 | D:1      | Reached skill level 2 in Conjurations
  1078 | D:2      | Found a faded altar of an unknown god.
  1818 | D:2      | Reached XP level 3. HP: 24/24 MP: 7/7
  2328 | D:3      | HP: 6/24 [poisoned by an adder]
  2333 | D:3      | HP: 2/24 [poisoned by an adder]
  2947 | D:3      | Reached skill level 3 in Conjurations
  3442 | D:3      | Learned a level 2 spell: Call Imp
  3445 | D:3      | Learned a level 2 spell: Blink
  3449 | D:3      | Learned a level 3 spell: Mephitic Cloud
  3541 | D:3      | Reached XP level 4. HP: 11/30 MP: 2/9
  4297 | D:4      | Found a staircase to the Ecumenical Temple.
  4306 | Temple   | Entered the Ecumenical Temple
  4387 | Temple   | Became a worshipper of Gozag Ym Sagoz the Greedy
  4492 | D:4      | HP: 6/30 [hound (2)]
  4493 | D:4      | HP: 2/30 [hound (4)]
  4500 | D:4      | Slain by a hound

Illustrated notes

Levels and vault maps discovered:
D:1:      dpeg_arrival_caged_fury, layout_loops_cross
D:2:      layout_basic, chequers_ecumenical_altar_island, serial_park_tiny_1,
          minmay_misc_feat_chi
D:3:      layout_loops_cross
D:4:      layout_gridville, grunt_temple_overflow_order_and_chaos_2,
          minmay_temple_entry_slanted
Temple:   mainiacjoe_temple_coin_purse

Skill      XL: |  1  2  3 |
---------------+----------+-----
Conjurations   | 2 3 |  3.4
Dodging        | |  1.7
Stealth        | |  1.7
Spellcasting   | |  3.6
Summonings     | |  1.0
Translocations | |  0.8

Action                   |  1- 3 |  4- 6 || total
-------------------------+-------+-------++-------
Melee: Dagger            |     3 |       ||     3
 Fire: Hunting sling     |   105 |    29 ||   134
 Cast: Magic Dart        |    47 |    13 ||    60
       Mephitic Cloud    |     2 |     1 ||     3
       Blink             |       |     1 ||     1
  Use: Potion            |       |     3 ||     3
Armor: Robe              |     8 |     8 ||    16
Dodge: Dodged            |    43 |    34 ||    77

Table legend: (Time is in decaauts)
 A = Elapsed time spent in this place.
 B = Non-inter-level travel time spent in this place.
 C = Inter-level travel time spent in this place.
 D = Time resting spent in this place.
 E = Time spent auto-exploring this place.
 F = Levels seen in this place.
 G = Mean time per level.
                   A        B        C        D        E       F      G
               +--------+--------+--------+--------+--------+-----+--------+
         Total |   4567 |   4424 |    143 |    869 |   3018 |   5 |  913.4 |
       Dungeon |   4401 |   4271 |    130 |    869 |   2898 |   4 | 1100.2 |
        Temple |    165 |    152 |     13 |      0 |    120 |   1 |  165.0 |
               +--------+--------+--------+--------+--------+-----+--------+

Top non-repeatable levels by time:
     D:3: 1755 daAuts
     D:1: 1134 daAuts
     D:2: 1058 daAuts
     D:4: 453 daAuts
  Temple: 165 daAuts

Table legend:
 A = Kills in this place as a percentage of kills in entire the game.
 B = Kills by you in this place as a percentage of kills by you in the entire game.
 C = Kills by friends in this place as a percentage of kills by friends in the entire game.
 D = Other kills in this place as a percentage of other kills in the entire game.
 E = Experience gained in this place as a percentage of experience gained in the entire game.
 F = Experience gained in this place divided by the number of levels of this place that you have seen.
                   A       B       C       D       E      F
               +-------+-------+-------+-------+-------+----------------------
         Total | 100.0 | 100.0 |   N/A | 100.0 | 100.0 |  24.0
       Dungeon | 100.0 | 100.0 |   N/A | 100.0 | 100.0 |  30.0
               +-------+-------+-------+-------+-------+----------------------
